 Dungeon Sprint DCSS version 0.27-a0-1149-g4505690ab0 (webtiles) character file.

Game seed: 16130122128227831502

44275 Vaeryne the Sorcerer (level 13, -4/94 HPs)
             Began as a Spriggan Air Elementalist on May 12, 2021.
             Was the Champion of Sif Muna.
             Killed from afar by a will-o-the-wisp (34 damage)
             ... with a foxfire
             ... in the Dungeon (Sprint IX: "|||||||||||||||||||||||||||||").
             The game lasted 00:27:50 (9766 turns).

Vaeryne the Sorcerer (Spriggan Air Elementalist)    Turns: 9766, Time: 00:27:50

Health: -4/94      AC: 10    Str:  4    XL:     13   Next: 95%
Magic:  3/39       EV: 16    Int: 21    God:    Sif Muna [******]
Gold:   1370       SH:  0    Dex: 16    Spells: 25/54 levels left

rFire    x . .     SeeInvis +   (weapon currently unavailable)
rCold    + + +     Faith    .   (shield currently unavailable)
rNeg     . . .     Spirit   .   (armour currently unavailable)
rPois    +         Reflect  .   (helmet currently unavailable)
rElec    .         Harm     .   (cloak currently unavailable)
rCorr    .         Rampage  .   (gloves unavailable)
Will     ++...     NoTele   +   (boots unavailable)
Stlth    ++........             (no amulet)
HPRegen  0.25/turn              m - +2 ring of protection
MPRegen  0.26/turn              n - +2 ring of evasion

@: ice-form
A: freezing attack, amphibious, boosted hp, large, no large weapons, unfitting
armour, see invisible, (speed 3), (antennae 1), (iridescent scales 1), (fire
resistance 1)
a: End Transformation, Renounce Religion, Channel Magic, Forget Spell, Divine
Exegesis


You were in the Dungeon.
You worshipped Sif Muna.
Sif Muna was exalted by your worship.
You were a creature of crystalline ice.
You visited 1 branch You collected 1933 gold pieces.
You spent 563 gold pieces at shops.

Inventory:

Hand Weapons
 b - a +0 dagger
 l - the +8 autumn katana (melded) {vorpal, Clar}
   (You found it in the Dungeon)

   It inflicts extra damage upon your enemies.
   It protects you against confusion.
 H - the +7 trident of Fimeetwe {vorpal, rN+}
   (You found it in the Dungeon)

   It inflicts extra damage upon your enemies.
   It protects you from negative energy.
Missiles
 o - 2 curare-tipped darts
Armour
 a - a +0 robe
 u - a +0 buckler (melded)
 v - a +0 cloak
 D - a +1 cloak (melded)
 E - +0 acid dragon scales (melded)
Jewellery
 m - a +2 ring of protection (left front paw)
 n - a +2 ring of evasion (right front paw)
 y - an amulet of faith
 A - a ring of protection from fire
 B - a ring of flight
 C - a ring of fire
Wands
 k - a wand of acid (3)
 x - a wand of mindburst (5)
Scrolls
 h - 3 scrolls of blinking
 j - 3 scrolls of amnesia
 q - 2 scrolls of enchant weapon
 r - 2 scrolls of enchant armour
 s - a scroll of fear
 t - 2 scrolls of identify
 G - a scroll of fog
Potions
 c - 8 potions of curing
 d - 3 potions of heal wounds
 e - 7 potions of haste
 f - 4 potions of magic
 g - a potion of berserk rage
 i - a potion of invisibility
 p - 2 potions of brilliance
 w - a potion of resistance
 z - a potion of flight {unknown}
 F - 2 potions of might


   Skills:
 - Level 14.0 Fighting
 - Level 8.4 Dodging
 - Level 3.0 Stealth
 - Level 8.0 Shields
 - Level 21.3 Spellcasting
 + Level 12.3 Conjurations
 - Level 11.9 Ice Magic
 - Level 15.7 Air Magic


You had 25 spell levels left.
You knew the following spells:

 Your Spells              Type           Power      Damage    Failure   Level
a - Shock                 Conj/Air       100%       1d9       0%          1
b - Static Discharge      Conj/Air       69%        N/A       0%          2
c - Airstrike             Air            36%        N/A       1%          4
d - Lightning Bolt        Conj/Air       34%        1d52      1%          5
e - Ice Form              Ice/Tmut       47%        N/A       1%          4
f - Freezing Cloud        Conj/Ice/Air   34%        6-21      1%          6
g - Spellforged Servitor  Conj/Summ      24%        N/A       80%         7

Your spell library contained the following spells:

 Spells                   Type           Power      Damage    Failure   Level
 Magic Dart               Conj           100%       1d8       0%          1
 Swiftness                Air            73%        N/A       0%          3
 Sting                    Tmut/Pois      88%        1d7       1%          1
 Corpse Rot               Necr/Air       N/A        N/A       1%          2
 Ensorcelled Hibernation  Hex/Ice        94%        N/A       1%          2
 Poisonous Vapours        Pois/Air       100%       N/A       1%          2
 Searing Ray              Conj           100%       3d7       1%          2
 Dazzling Flash           Conj/Hex       96%        N/A       1%          3
 Mephitic Cloud           Conj/Pois/Air  57%        N/A       1%          3
 Ozocubu's Armour         Ice            64%        N/A       1%          3
 Hailstorm                Conj/Ice       65%        3d14      1%          4
 Summon Lightning Spire   Summ/Air       53%        N/A       1%          4
 Conjure Ball Lightning   Conj/Air       34%        3x3d11    1%          6
 Silence                  Hex/Air        26%        N/A       2%          5
 Confusing Touch          Hex            22%        N/A       6%          3
 Ignite Poison            Fire/Tmut/Pois 22%        N/A       6%          3
 Lesser Beckoning         Tloc           11%        N/A       6%          3
 Orb of Destruction       Conj           32%        9d12      11%         7
 Cause Fear               Hex            11%        N/A       21%         4
 Olgreb's Toxic Radiance  Pois           22%        N/A       21%         4
 Iron Shot                Conj/Erth      24%        9d5       24%         6
 Starburst                Conj/Fire      24%        8x6d8     24%         6
 Chain Lightning          Conj/Air       34%        N/A       38%         8
 Agony                    Necr           22%        N/A       50%         5
 Alistair's Intoxication  Tmut/Pois      14%        N/A       50%         5
 Lee's Rapid Deconstruct  Erth           11%        3d9*      50%         5
 Summon Forest            Summ/Tloc      11%        N/A       50%         5
 Yara's Violent Unravell  Hex/Tmut       11%        3d6       50%         5
 Death Channel            Necr           11%        N/A       97%         6
 Statue Form              Tmut/Erth      14%        N/A       97%         6
 Tornado                  Air            36%        N/A       97%         9
 Discord                  Hex            11%        N/A       100%        8
 Disjunction              Tloc           11%        N/A       100%        8
 Lehudib's Crystal Spear  Conj/Erth      24%        10d7      100%        8
 Summon Horrible Things   Summ           11%        N/A       100%        8
 Absolute Zero            Ice            32%        ∞         100%        9
 Death's Door             Necr           11%        N/A       100%        9
 Dragon's Call            Summ           11%        N/A       100%        9


Dungeon Overview and Level Annotations

Branches:
Dungeon (1/1)

Altars:
Cheibriados
Dithmenos
Elyvilon
Fedhas
Gozag
Hepliaklqana
Kikubaaqudgha
Makhleb
Nemelex Xobeh
Okawaru
Qazlal
Ru
Sif Muna
Trog
Uskayaw
Vehumet
Wu Jian
Xom
Yredelemnul
Zin
The Shining One
Beogh
Jiyva
Lugonu

Shops:
D ([!(


Innate Abilities, Weirdness & Mutations

You are a creature of crystalline ice.
You have a powerful freezing melee attack.
You are amphibious.
Your maximum health is increased.
Your armour is entirely melded.
You are incapable of wielding weapons or throwing items.
You are very small and have problems with some larger weapons.
You are too small for most types of armour.
You have supernaturally acute eyesight. (SInv)
((You cover ground extremely quickly. (Speed+++)))
((You have a pair of small antennae on your head.))
((You are partially covered in iridescent scales. (AC +2)))
((Your flesh is heat resistant. (rF+)))


Message History

Your +1 cloak melds into your body.
Your +0 buckler melds into your body.
Your +0 acid dragon scales melds into your body.
The foxfire hits you!! The fire burns you terribly!
The will-o-the-wisp gestures.
The will-o-the-wisp conjures some foxfire! 2 foxfires come into view.
The foxfire hits you!! The fire burns you terribly! The foxfire hits you!!
The fire burns you terribly!
* * * LOW HITPOINT WARNING * * *
You feel better.
Casting: Ice Form (mildly dangerous; 1% risk of failure)
Confirm with . or Enter, or press ? or * to list all spells.
Aiming: Freezing Cloud (dangerous; 1% risk of failure)
Press: ? - help, Dir - move target, f/p - will-o-the-wisp
Aim: a will-o-the-wisp (lightly damaged) That beam is likely to hit you.
Continue anyway?
You are engulfed in freezing vapours.
You resist.
* * * LOW HITPOINT WARNING * * *
The will-o-the-wisp is engulfed in freezing vapours.
You are engulfed in freezing vapours.
You resist.
The will-o-the-wisp is engulfed in freezing vapours.
The will-o-the-wisp gestures.
The will-o-the-wisp conjures some foxfire! 2 foxfires come into view.
The foxfire is engulfed in freezing vapours. x6
The foxfire hits you!! The fire burns you terribly!
* * * LOW HITPOINT WARNING * * *
The foxfire is engulfed in freezing vapours. x2
The will-o-the-wisp is engulfed in freezing vapours.
You feel much better.
The foxfire is engulfed in freezing vapours. x5
The foxfire is engulfed in freezing vapours. x4
The will-o-the-wisp is engulfed in freezing vapours.
The will-o-the-wisp gestures.
The will-o-the-wisp conjures some foxfire!
The foxfire is engulfed in freezing vapours.
A foxfire comes into view.
The foxfire is engulfed in freezing vapours. x2
The foxfire hits you!! The fire burns you terribly!
You die...

▓.▓.▓)▓.▓.▓.▓'▓.▓_▓
▓.▓.▓)▓.▓)▓)▓.▓.▓_▓
▓)▓)▓)▓.▓)▓.▓.▓.▓_▓
▓.▓.▓)▓.▓)▓.▓.▓.▓_▓
▓.▓.▓)▓.▓)▓.▓.▓.▓_▓
▓.▓.▓)▓.▓)▓.▓.▓.▓)▓
▓'▓.▓.▓.▓.▓.▓.▓.▓.▓
▓§▓.▓.▓.▓)▓.▓.▓.▓.▓
▓.▓Y▓.▓.▓)▓.▓(▓.▓.▓
▓.▓v▓.▓.▓.▓.▓.▓.▓.▓
▓.▓§▓.▓.▓.▓.▓.▓.▓.▓
▓.▓§▓(▓.▓.▓)▓.▓.▓)▓
▓.▓§▓'▓.▓.▓)▓.▓.▓)▓
▓§▓v▓.▓.▓.▓.▓÷▓.▓.▓
▓§▓§▓.▓.▓.▓.▓'▓.▓)▓
▓v▓§▓.▓)▓)▓)▓.▓.▓)▓
▓.▓§▓.▓.▓.▓.▓.▓.▓.▓


You could see a will-o-the-wisp.

Vanquished Creatures
  An emperor scorpion (D)
  2 very ugly things (D)
  Nessos (D)
  A bunyip (D)
  A spark wasp (D)
  An entropy weaver (D)
  A fire dragon (D)
  An eleionoma (D)
  An ettin (D)
  An ice dragon (D)
  A centaur warrior (D)
  5 hydras (D)
  Erolcha (D)
  A catoblepas (D)
  A death knight (D)
  2 anacondas (D)
  A two-headed ogre (D)
  A tengu warrior (D)
  8 orc high priests (D)
  A spriggan (D)
  Urug (D)
  2 death yaks (D)
  A vampire mage (D)
  2 shock serpents (D)
  A swamp dragon (D)
  A wizard (D)
  9 orc knights (D)
  A wolf spider (D)
  2 orb spiders (D)
  An ugly thing (D)
  An elephant (D)
  2 orc sorcerers (D)
  5 black mambas (D)
  A cyclops (D)
  A naga mage (D)
  Maurice (D)
  A gargoyle (D)
  3 cane toads (D)
  3 unseen horrors (D)
  2 rime drakes (D)
  A demonic crawler (D)
  A yaktaur (D)
  A jumping spider (D)
  2 blink frogs (D)
  A hornet (D)
  2 redbacks (D)
  A spriggan (shapeshifter) (D)
  7 yaks (D)
  A basilisk (D)
  3 water moccasins (D)
  8 orc warriors (D)
  2 wolves (D)
  2 kobold brigands (D)
  A bullfrog (D)
  A gnoll sergeant (D)
  2 orc priests (D)
  A hound (D)
  5 orc wizards (D)
  A shadow imp (D)
  7 orcs (D)
  2 goblins (D)
  2 jackals (D)
  A ball python (D)
  A bat (D)
130 creatures vanquished.

Vanquished Creatures (others)
  4 foxfires (D)
4 creatures vanquished.

Grand Total: 134 creatures vanquished

Notes
Turn   | Place    | Note
-------+----------+-------------------------------------------
     0 | D        | Vaeryne the Spriggan Air Elementalist began the quest for
                  | the Orb.
     0 | D        | Reached XP level 1. HP: 9/9 MP: 5/5
     7 | D        | Reached skill level 3 in Spellcasting
     9 | D        | Reached skill level 4 in Spellcasting
    11 | D        | Reached skill level 5 in Spellcasting
   174 | D        | Noticed a hound
   184 | D        | Reached skill level 6 in Spellcasting
   184 | D        | Reached XP level 2. HP: 4/13 MP: 2/10
   186 | D        | Reached skill level 8 in Spellcasting
   186 | D        | Reached XP level 3. HP: 6/16 MP: 0/14
   396 | D        | Found a snail-covered altar of Cheibriados.
   396 | D        | Found a shadowy altar of Dithmenos.
   396 | D        | Found a white marble altar of Elyvilon.
   396 | D        | Found a blossoming altar of Fedhas.
   396 | D        | Found an opulent altar of Gozag.
   397 | D        | Found a hazy altar of Hepliaklqana.
   398 | D        | Found a viscous altar of Jiyva.
   399 | D        | Found an ancient bone altar of Kikubaaqudgha.
   400 | D        | Found a corrupted altar of Lugonu.
   401 | D        | Found a burning altar of Makhleb.
   402 | D        | Found a sparkling altar of Nemelex Xobeh.
   403 | D        | Found an iron altar of Okawaru.
   404 | D        | Found a stormy altar of Qazlal.
   405 | D        | Found a sacrificial altar of Ru.
   406 | D        | Found a shimmering blue altar of Sif Muna.
   407 | D        | Found a bloodstained altar of Trog.
   408 | D        | Found a hide-covered altar of Uskayaw.
   409 | D        | Found a radiant altar of Vehumet.
   410 | D        | Found an ornate altar of the Wu Jian Council.
   411 | D        | Found a shimmering altar of Xom.
   412 | D        | Found a basalt altar of Yredelemnul.
   413 | D        | Found a glowing silver altar of Zin.
   414 | D        | Became a worshipper of Sif Muna the Loreminder
   415 | D        | Found a glowing golden altar of the Shining One.
   424 | D        | Found the +8 autumn katana {vorpal, Clar}
   443 | D        | Noticed a yak
   443 | D        | Noticed a kobold brigand
   443 | D        | Noticed a two-headed ogre
   443 | D        | Noticed a kobold brigand
   443 | D        | Noticed a gnoll sergeant
   489 | D        | Killed a kobold brigand
   490 | D        | Reached skill level 11 in Spellcasting
   490 | D        | Reached XP level 4. HP: 21/21 MP: 4/18
   491 | D        | Killed a gnoll sergeant
   492 | D        | Reached skill level 12 in Spellcasting
   492 | D        | Reached XP level 5. HP: 14/24 MP: 2/21
   503 | D        | Reached * piety under Sif Muna
   504 | D        | Reached skill level 13 in Spellcasting
   513 | D        | Killed a two-headed ogre
   514 | D        | Reached skill level 18 in Spellcasting
   514 | D        | Reached XP level 6. HP: 18/28 MP: 0/28
   514 | D        | Reached XP level 7. HP: 21/32 MP: 0/30
   920 | D        | Killed a yak
   920 | D        | Reached ** piety under Sif Muna
   921 | D        | Reached skill level 19 in Spellcasting
   921 | D        | Reached XP level 8. HP: 36/36 MP: 24/32
   988 | D        | Noticed a centaur warrior
   988 | D        | Noticed an unseen horror
   988 | D        | Noticed an unseen horror
   988 | D        | Noticed a gargoyle
   988 | D        | Noticed an unseen horror
   990 | D        | Killed a gargoyle
   991 | D        | Reached skill level 20 in Spellcasting
   991 | D        | Killed an unseen horror
   991 | D        | Killed an unseen horror
   992 | D        | Reached skill level 21 in Spellcasting
   992 | D        | Killed an unseen horror
   992 | D        | Reached *** piety under Sif Muna
   993 | D        | Reached skill level 5 in Air Magic
   993 | D        | Reached XP level 9. HP: 16/39 MP: 32/35
   994 | D        | Killed a centaur warrior
  1169 | D        | Learned a level 2 spell: Static Discharge
  1174 | D        | Learned a level 4 spell: Airstrike
  1180 | D        | Learned a level 5 spell: Lightning Bolt
  1292 | D        | Noticed a cane toad
  1292 | D        | Noticed a rime drake
  1293 | D        | Reached **** piety under Sif Muna
  1559 | D        | Noticed a seven-headed hydra
  1561 | D        | Reached skill level 10 in Air Magic
  1561 | D        | Killed a cane toad
  1563 | D        | Noticed a black mamba
  1571 | D        | Killed a rime drake
  1572 | D        | Reached XP level 10. HP: 31/44 MP: 12/36
  1572 | D        | Killed a seven-headed hydra
  1572 | D        | Reached ***** piety under Sif Muna
  1695 | D        | Killed a black mamba
  1881 | D        | Noticed a cane toad
  1881 | D        | Noticed a cane toad
  1881 | D        | Noticed a four-headed hydra
  1881 | D        | Noticed an elephant
  1882 | D        | Noticed a five-headed hydra
  1889 | D        | Killed a cane toad
  1895 | D        | Received a gift from Sif Muna
  1901 | D        | Killed an elephant
  1901 | D        | Killed a four-headed hydra
  1902 | D        | Reached skill level 15 in Air Magic
  2023 | D        | Killed a cane toad
  2284 | D        | Killed a five-headed hydra
  2285 | D        | Reached XP level 11. HP: 53/53 MP: 8/37
  2417 | D        | Noticed a death yak
  2417 | D        | Noticed a death yak
  2430 | D        | Killed a death yak
  2430 | D        | Identified Sif Muna's Handbook of Conjuration (Sif Muna
                  | gifted it to you in the Dungeon)
  2430 | D        | Received a gift from Sif Muna
  2431 | D        | Reached skill level 5 in Fighting
  2432 | D        | Killed a death yak
  2774 | D        | Noticed an orc knight
  2776 | D        | Received a gift from Sif Muna
  2776 | D        | Reached ****** piety under Sif Muna
  2777 | D        | Killed an orc knight
  2784 | D        | Noticed an orc knight
  2960 | D        | Identified Sif Muna's Volume of Context (Sif Muna gifted it
                  | to you in the Dungeon)
  2960 | D        | Received a gift from Sif Muna
  2970 | D        | Killed an orc knight
  3096 | D        | Noticed an orc high priest
  3096 | D        | Noticed an orc sorcerer
  3098 | D        | Killed an orc sorcerer
  3099 | D        | Reached skill level 10 in Fighting
  3102 | D        | Noticed a sun demon
  3102 | D        | Killed an orc high priest
  3104 | D        | Identified Sif Muna's Volume of Creative Sinister Rites
                  | (Sif Muna gifted it to you in the Dungeon)
  3104 | D        | Received a gift from Sif Muna
  3105 | D        | Noticed an orc sorcerer
  3114 | D        | Noticed an orc knight
  3116 | D        | Killed an orc sorcerer
  3497 | D        | Killed an orc knight
  3548 | D        | Found Nubla's Weapon Boutique.
  3548 | D        | Noticed an orc high priest
  3548 | D        | Noticed an orc knight
  3548 | D        | Noticed an orc knight
  3548 | D        | Noticed an orc knight
  3548 | D        | Noticed an orc knight
  3549 | D        | Noticed an orc high priest
  3554 | D        | Killed an orc knight
  3554 | D        | Killed an orc knight
  3565 | D        | Killed an orc knight
  3755 | D        | Killed an orc knight
  3755 | D        | Identified Omehunok's Papyrus of the Birds (Sif Muna gifted
                  | it to you in the Dungeon)
  3755 | D        | Received a gift from Sif Muna
  3756 | D        | Reached XP level 12. HP: 64/73 MP: 18/38
  3760 | D        | Killed an orc high priest
  3827 | D        | Killed an orc high priest
  4018 | D        | Noticed an orc high priest
  4021 | D        | Noticed an orc high priest
  4023 | D        | Noticed an orc high priest
  4026 | D        | Killed an orc high priest
  4027 | D        | Noticed an orc high priest
  4030 | D        | Killed an orc high priest
  4031 | D        | Killed an orc high priest
  4032 | D        | Reached skill level 5 in Conjurations
  4033 | D        | Found Lenlir's Distillery.
  4034 | D        | Noticed an orc high priest
  4037 | D        | Killed an orc high priest
  4520 | D        | Killed an orc high priest
  4520 | D        | Identified Sif Muna's Collected Works on the Mountains and
                  | the Birds (Sif Muna gifted it to you in the Dungeon)
  4520 | D        | Received a gift from Sif Muna
  4703 | D        | Found Funneqo's Armour Boutique.
  4707 | D        | Found Maawk's Weapon Shop.
  4714 | D        | Bought a +0 buckler for 54 gold pieces
  4718 | D        | Bought a +0 cloak for 54 gold pieces
  4720 | D        | Bought 2 potions of curing for 78 gold pieces
  4720 | D        | Bought a potion of curing for 39 gold pieces
  4720 | D        | Bought a potion of haste for 130 gold pieces
  4720 | D        | Bought a potion of curing for 39 gold pieces
  4720 | D        | Bought a potion of resistance for 130 gold pieces
  4720 | D        | Bought a potion of curing for 39 gold pieces
  4746 | D        | Noticed Maurice
  4755 | D        | Killed Maurice
  4756 | D        | Reached skill level 1 in Shields
  4977 | D        | Noticed a death knight
  4977 | D        | Noticed a catoblepas
  5011 | D        | Killed a catoblepas
  5040 | D        | Got the +7 trident of Fimeetwe {vorpal, rN+}
  5070 | D        | Reached skill level 5 in Shields
  5393 | D        | Killed a death knight
  5393 | D        | Identified Sif Muna's Guide on Changing and Feathers (Sif
                  | Muna gifted it to you in the Dungeon)
  5393 | D        | Received a gift from Sif Muna
  5542 | D        | Noticed a tengu warrior
  5551 | D        | Killed a tengu warrior
  5682 | D        | Noticed an ice dragon
  5707 | D        | Learned a level 4 spell: Ice Form
  5713 | D        | Killed an ice dragon
  5861 | D        | Noticed a fire dragon
  5874 | D        | Killed a fire dragon
  5893 | D        | Noticed an ettin
  6078 | D        | Killed an ettin
  6209 | D        | Noticed a spark wasp
  6224 | D        | Learned a level 6 spell: Freezing Cloud
  6779 | D        | Noticed a white very ugly thing
  6781 | D        | Noticed a red very ugly thing
  6797 | D        | Killed a white very ugly thing
  6798 | D        | Reached XP level 13. HP: 79/79 MP: 15/39
  6841 | D        | Killed a red very ugly thing
  6841 | D        | Identified Wuokatao's Collected Works on Confrontation (Sif
                  | Muna gifted it to you in the Dungeon)
  6841 | D        | Received a gift from Sif Muna
  6842 | D        | Reached skill level 5 in Ice Magic
  6844 | D        | Killed a spark wasp
  7279 | D        | Noticed Erolcha
  7283 | D        | Killed Erolcha
  7348 | D        | Noticed Urug
  7350 | D        | Noticed Nessos
  7355 | D        | Killed Urug
  7357 | D        | Killed Nessos
  7468 | D        | Gained mutation: You are partially covered in iridescent
                  | scales. (AC +2) [potion of mutation]
  7468 | D        | Gained mutation: You have a pair of small antennae on your
                  | head. [potion of mutation]
  7468 | D        | Gained mutation: Your flesh is heat resistant. (rF+)
                  | [potion of mutation]
  7506 | D        | Identified Sif Muna's Compendium of the Oath and Attacks
                  | (Sif Muna gifted it to you in the Dungeon)
  7506 | D        | Received a gift from Sif Muna
  7507 | D        | Reached skill level 10 in Ice Magic
  7939 | D        | Learned a level 7 spell: Spellforged Servitor
  8037 | D        | Noticed an emperor scorpion
  8037 | D        | Noticed an entropy weaver
  8055 | D        | HP: 1/79 [cloud of freezing vapour (25)]
  8057 | D        | Identified Sif Muna's Collected Works on Cold and
                  | Conjuration (Sif Muna gifted it to you in the Dungeon)
  8057 | D        | Received a gift from Sif Muna
  8063 | D        | Killed an entropy weaver
  8747 | D        | Killed an emperor scorpion
  8964 | D        | Reached skill level 10 in Conjurations
  9514 | D        | Noticed an eleionoma
  9514 | D        | Noticed a bunyip
  9529 | D        | Killed a bunyip
  9529 | D        | Identified Sif Muna's Volume of Darkness and Translocation
                  | (Sif Muna gifted it to you in the Dungeon)
  9529 | D        | Received a gift from Sif Muna
  9534 | D        | Killed an eleionoma
  9763 | D        | HP: 3/94 [will-o-the-wisp/foxfire (19)]
  9766 | D        | Killed from afar by a will-o-the-wisp

Illustrated notes

Levels and vault maps discovered:
D:        linesprint [early_d, line_temple, items_1, d_10, items_2, lair_1,
          lair_end, items_3, orc_1, orc_end, items_4, d_15, swamp_1, shoals_1,
          snake_1, spider_1, d_20, vaults_1, items_5, swamp_end, shoals_end,
          snake_end, spider_end, vaults_end, d_27, items_6, zot_1, zot_end,
          crypt_end, forest_end, elf_end, slime_end, tomb_end, abyss_end,
          pan_hell_end]

Skill      XL: |  1  2  3  4  5  6  7  8  9 10 11 12 13 |
---------------+----------------------------------------+-----
Spellcasting   | 6 8 11 12 18 19 21 | 21.3
Air Magic      | 5 11 15 | 15.7
Fighting       | 4 13 14 | 14.0
Conjurations   | 7 12 | 12.3
Shields        | 8 |  8.0
Dodging        | 8 |  8.4
Ice Magic      | 3 11 | 11.9
Stealth        | |  3.0

Action                   |  1- 3 |  4- 6 |  7- 9 | 10-12 | 13-15 || total
-------------------------+-------+-------+-------+-------+-------++-------
Melee: Unarmed           |     1 |       |       |       |       ||     1
       Katana            |       |       |     5 |    29 |    16 ||    50
 Cast: Shock             |    23 |     7 |    13 |     6 |       ||    49
       Lightning Bolt    |       |       |     6 |   146 |    76 ||   228
       Ice Form          |       |       |       |     1 |     1 ||     2
       Freezing Cloud    |       |       |       |       |     9 ||     9
Evoke: Wand              |       |     1 |     6 |       |       ||     7
  Use: Potion            |       |       |     1 |     4 |     5 ||    10
       Scroll            |       |       |       |     1 |     1 ||     2
 Stab: Sleeping          |     1 |       |       |       |       ||     1
Armor: Robe              |     1 |       |     1 |     3 |       ||     5
       Acid dragon scale |       |       |       |     3 |     7 ||    10
Dodge: Dodged            |     5 |       |     8 |    40 |    26 ||    79
Block: Buckler           |       |       |       |     2 |    10 ||    12
       Rpst.: Katana     |       |       |     2 |     8 |     5 ||    15

Table legend: (Time is in decaauts)
 A = Elapsed time spent in this place.
 B = Non-inter-level travel time spent in this place.
 C = Inter-level travel time spent in this place.
 D = Time resting spent in this place.
 E = Time spent auto-exploring this place.
 F = Levels seen in this place.
 G = Mean time per level.
                   A        B        C        D        E       F      G
               +--------+--------+--------+--------+--------+-----+--------+
         Total |   8741 |   8741 |      0 |   5942 |   1278 |   1 | 8741.0 |
       Dungeon |   8741 |   8741 |      0 |   5942 |   1278 |   1 | 8741.0 |
               +--------+--------+--------+--------+--------+-----+--------+

Top non-repeatable levels by time:
       D: 8741 daAuts
